 Dungeon Crawl Stone Soup version 0.21-a0-421-gfc1ce30 (webtiles) character file.

34 Meenos the Conjurer (level 3, -3/19 HPs)
             Began as a Tengu Conjurer on Nov 4, 2017.
             Slain by a worm (5 damage)
             ... on level 2 of the Dungeon.
             The game lasted 00:18:38 (1343 turns).

Meenos the Conjurer (Tengu Conjurer)                Turns: 1343, Time: 00:18:39

Health: -3/19      AC:  2    Str:  8    XL:     3   Next: 31%
Magic:  1/7        EV: 13    Int: 16    God:
Gold:   56         SH:  0    Dex: 14    Spells: 5/6 levels left

rFire    . . .     SeeInvis .     - Unarmed
rCold    . . .     Gourm    .   (no shield)
rNeg     . . .     Faith    .   g - +0 robe
rPois    .         Spirit   .   (helmet restricted)
rElec    .         Reflect  .   (no cloak)
rCorr    .         Harm     .   (no gloves)
MR       .....                  (boots unavailable)
Stlth    +++.......             (no amulet)
HPRegen  0.06/turn              o - ring of stealth
MPRegen  0.10/turn              (no ring)

@: no status effects
A: beak, talons 3
a: no special abilities


You were on level 2 of the Dungeon.
You were not hungry.

You visited 1 branch of the dungeon, and saw 2 of its levels.

You collected 56 gold pieces.

Inventory:

Missiles
 f - 54 arrows
Armour
 a - a +0 robe
 c - a +0 pair of gloves
 g - a +0 robe (worn)
 p - a +0 helmet
Jewellery
 m - a +4 ring of strength {unknown}
 o - a ring of stealth (left hand)
Scrolls
 d - a scroll of immolation {unknown}
 e - a scroll of recharging {unknown}
 h - a scroll of remove curse
 i - a scroll of enchant weapon {unknown}
 k - a scroll of identify {unknown}
Potions
 j - a potion of lignification {unknown}
 l - a potion of brilliance {unknown}
Books
 b - a book of Conjurations

   Spells                             Type                      Level
   a - Magic Dart                     Conjuration                  1
   b - Searing Ray                    Conjuration                  2
   c - Dazzling Spray                 Conjuration/Hexes            3
   d - Fulminant Prism                Conjuration/Hexes            4
   e - Force Lance                    Conjuration/Translocation    4
   f - Iskenderun's Mystic Blast      Conjuration                  4
Comestibles
 n - a meat ration


   Skills:
 + Level 2.3 Dodging
 + Level 2.0 Stealth
 * Level 1.2 Unarmed Combat
 + Level 2.3 Spellcasting
 + Level 6.0 Conjurations


You had 5 spell levels left.
You knew the following spells:

 Your Spells              Type           Power        Failure   Level  Hunger
a - Magic Dart            Conj           ###.         1%          1    #......


Dungeon Overview and Level Annotations

Branches:
Dungeon (2/15)

Altars:


Innate Abilities, Weirdness & Mutations

You have a beak for a mouth.
You have claws for feet.


Message History

The worm is moderately wounded.
You barely miss the worm. Your kick misses the worm. Your peck misses the worm.
The worm is moderately wounded.
The worm bites you!
You hit the worm. You punch the worm, but do no damage.
The worm is heavily wounded.
You hit the worm but do no damage.
The worm is heavily wounded.
The worm bites you!
* * * LOW HITPOINT WARNING * * *
You hit the worm. Your kick misses the worm.
The worm is severely wounded.
You hit the worm but do no damage. You claw the worm, but do no damage.
You peck the worm, but do no damage.
The worm is severely wounded.
The worm barely misses you.
You barely miss the worm. You claw the worm.
The worm is almost dead.
The worm bites you.
You die...

#.# ## #.# . .# ...... #.#
.# .. ..... #####.####.# ..
....# ...........# #. #...#
...#.......# #.##...#
.......>...# #$#....#
...#.##.#..# #.#w.?.#
#.##.#..#..# #.@)...#
#.##.#.##..# ###...## ##
#.##.#.##..# #...# ..
..##.......######...###.###
..####.##.#...............##
..# #.##..................#
.## #..###............(...#
.# ##. #####.#...#.#.##.# ##
. #.#...#.#...


You could see a worm.

Vanquished Creatures
  An adder (D:2)
  A worm (D:2)
  A dart slug (D:1)
  5 goblins
  3 jackals (D:1)
  5 bats (D:1)
  2 frilled lizards
  4 rats (D:1)
22 creatures vanquished.

Notes
Turn   | Place    | Note
-------+----------+-------------------------------------------
     0 | D:1      | Meenos the Tengu Conjurer began the quest for the Orb.
     0 | D:1      | Reached XP level 1. HP: 10/10 MP: 4/4
   313 | D:1      | Reached XP level 2. HP: 2/15 MP: 3/6
  1177 | D:2      | Reached skill level 6 in Conjurations
  1325 | D:2      | Reached skill level 1 in Unarmed Combat
  1325 | D:2      | Reached XP level 3. HP: 19/19 MP: 2/7
  1343 | D:2      | Slain by a worm

Vault maps used:
D:1:      lightli_iron_boxes
D:2:      bloody_makhleb

Skill      XL: |  1  2 |
---------------+-------+-----
Conjurations   | 6 |  6.0
Unarmed Combat | 1 |  1.2
Dodging        | |  2.3
Stealth        | |  2.0
Spellcasting   | |  2.3

Action                   || total
-------------------------++-------
Melee: Unarmed           ||    45
       Kick              ||    10
       Peck              ||     5
       Punch             ||     1
 Cast: Magic Dart        ||    31
  Use: Scroll            ||     1
 Stab: Sleeping          ||     5
  Eat: Bread ration      ||     1
       Chunk             ||     1
Armor: Robe              ||     5
Dodge: Dodged            ||    27

Table legend:
 A = Spawn XP
 B = Non-spawn XP
 C = Spawn XP percentage of total XP
 D = Spawn monster count
 E = Non-spawn monster count
 F = Spawn count percentage of total count
 G = Total turns spent on level
                    A         B        C        D         E        F      G
               +---------+---------+-------+---------+---------+-------+---------
         Total |       0 |      49 |   0.0 |       0 |      22 |   0.0 |  1343
               +---------+---------+-------+---------+---------+-------+---------
           D:1 |       0 |      23 |   0.0 |       0 |      15 |   0.0 |  1016
           D:2 |       0 |      26 |   0.0 |       0 |       7 |   0.0 |   327
               +---------+---------+-------+---------+---------+-------+---------
